 Dungeon Crawl Stone Soup version 0.30-a0-779-g7971cf19c3 (webtiles) character file.

Game seed: 14955591309512556262

123 themarg the Firebug (level 4, -2/30 HPs)
             Began as a Demonspawn Fire Elementalist on Feb 17, 2023.
             Slain by a gnoll
             ... wielding a +0 flail
              (8 damage)
             ... on level 3 of the Dungeon.
             The game lasted 00:05:10 (3146 turns).

themarg the Firebug (Demonspawn Fire Elementalist)  Turns: 3146, Time: 00:05:10

Health: -2/30      AC:  5    Str:  8    XL:     4   Next: 79%
Magic:  0/8        EV:  6    Int: 18    God:
Gold:   38         SH:  0    Dex: 14    Spells: 6/9 levels left

rFire   . . .      SeeInvis .    h - +0 short sword
rCold   . . .      Faith    .    (no shield)
rNeg    . . .      Spirit   .    a - +0 robe
rPois   .          Reflect  .    f - +2 helmet
rElec   .          Harm     .    (no cloak)
rCorr   .          Rampage  .    (no gloves)
Will    .....                    (no boots)
Stlth   ++                       (no amulet)
HPRegen 0.25/turn                (no ring)
MPRegen 0.11/turn                (no ring)

@: held
A: claws 1
a: no special abilities


You were on level 3 of the Dungeon.
You visited 1 branch of the dungeon, and saw 3 of its levels.

You collected 38 gold pieces.

Inventory:

Hand Weapons
 h - a +0 short sword (weapon)
Missiles
 c - 9 poisoned darts
 e - 7 stones
Armour
 a - a +0 robe (worn)
 f - a +2 helmet (worn)
 i - an orb of light
Scrolls
 d - 3 scrolls of identify
 j - 2 scrolls of teleportation {unknown}
 k - a scroll of enchant weapon {unknown}
Potions
 b - 2 potions of magic
 g - a potion of lignification
 l - a potion of attraction {unknown}
 m - a potion of degeneration {unknown}
 n - a potion of curing {unknown}


   Skills:
 - Level 1.7 Dodging
 - Level 2.0 Stealth
 - Level 3.0 Spellcasting
 - Level 1.0 Conjurations
 * Level 4.4 Fire Magic


You had 6 spell levels left.
You knew the following spells:

 Your Spells              Type           Power      Damage    Failure   Level
a - Foxfire               Conj/Fire      48%        2x1d6     5%          1
b - Scorch                Fire           36%        2d6       4%          2

Your spell library contained the following spells:

 Spells                   Type           Power      Damage    Failure   Level
 Apportation              Tloc           4%         N/A       16%         1
 Static Discharge         Conj/Air       8%         2-3/arc   21%         2
 Inner Flame              Hex/Fire       10%        N/A       21%         3
 Kindle Blastsparks       Fire/Tloc/Air  16%        2d11      26%         3
 Vhi's Electric Charge    Tloc/Air       4%         N/A       43%         3
 Flame Wave               Conj/Fire      12%        2d6       47%         4
 Arcjolt                  Conj/Air       2%         1d12      98%         5
 Lightning Bolt           Conj/Air       2%         1d13      98%         5
 Alistair's Intoxication  Tmut/Pois      1%         N/A       99%         5


Dungeon Overview and Level Annotations

Branches:
Dungeon (3/15)

Altars:
Dithmenos

Annotations:
D:3 1 runed translucent door, Nabski's ghost, amateur TeFE


Innate Abilities, Weirdness & Mutations

You have sharp fingernails.


Message History

The adder attacks as you move away! The adder barely misses you. x2
The gnoll hits you with a +0 flail. The adder attacks as you move away!
The adder barely misses you. The gnoll hits you with a +0 flail.
The gnoll attacks as you move away! The gnoll hits you with a +0 flail!
The adder attacks as you move away! The adder barely misses you.
The adder closely misses you.
Flames lash the ball python.
You kill the ball python!
The adder bites you but does no damage. The gnoll hits you with a +0 flail.
A gnoll comes into view. It is wielding a +0 halberd.
Flames lash the adder.
The adder is heavily wounded.
The adder's fire resistance burns away.
The adder completely misses you. The gnoll closely misses you.
As you read the scroll labelled HOCLUO UVVOACS, it crumbles to dust.
It is a scroll of identify.
g - a potion of lignification The adder barely misses you.
The adder misses you.
The gnoll throws a throwing net.
The throwing net closely misses you. The gnoll closely misses you.
You conjure some foxfire!
The adder misses you. The gnoll hits you with a +0 flail!
* * * LOW HITPOINT WARNING * * *
The gnoll barely misses you.
The adder is no longer more vulnerable to fire.
The foxfire hits the gnoll.
The gnoll is moderately wounded.
The foxfire hits the gnoll.
The gnoll is lightly wounded.
The gnoll barely misses you. The adder bites you.
* * * LOW HITPOINT WARNING * * *
The gnoll throws a throwing net.
The throwing net hits you.
You become entangled in the net!
You see here a throwing net.
You struggle against the net.
The adder bites you.
* * * LOW HITPOINT WARNING * * *
The gnoll closely misses you. The gnoll hits you with a +0 flail!
You die...

....####..............# #.......
.........?....##..#...####.......
..............#..................
............$...........?........
.†............#.....#####...J....
..............#.....#P8P#........
...##.........#...g>#W).#........
...##.........#.....##+##........
...##......)....@Sg..............
...#.............gg..............
#.............................
#.§§................#.........
............[(................
.................#######
##.......>.......#
#...............# ...........


You could see 4 gnolls and an adder.

Vanquished Creatures
  Jessica (D:2)
  Robin (D:2)
  3 adders (D:2)
  2 dart slugs
  7 endoplasms
  A giant cockroach (D:2)
  10 goblins (D:2)
  10 hobgoblins
  3 kobolds
  7 ball pythons
  3 bats
  3 frilled lizards
  3 rats
54 creatures vanquished.

Vanquished Creatures (others)
  A ball python (D:3)
  A rat (D:3)
  46 foxfires
48 creatures vanquished.

Grand Total: 102 creatures vanquished

Notes
Turn   | Place    | Note
-------+----------+-------------------------------------------
     0 | D:1      | themarg the Demonspawn Fire Elementalist began the quest
                  | for the Orb.
     0 | D:1      | Reached XP level 1. HP: 13/13 MP: 3/3
   382 | D:1      | Reached skill level 3 in Fire Magic
   416 | D:1      | Gained mutation: You have sharp fingernails. [demonic
                  | ancestry]
   416 | D:1      | Reached XP level 2. HP: 19/19 MP: 1/5
   419 | D:1      | Learned a level 2 spell: Scorch
  1392 | D:2      | Reached XP level 3. HP: 24/24 MP: 1/6
  1467 | D:2      | Noticed Jessica
  1509 | D:2      | Killed Jessica
  1569 | D:2      | Reached XP level 4. HP: 30/30 MP: 3/8
  1692 | D:2      | Reached skill level 4 in Fire Magic
  1694 | D:2      | Noticed Robin
  1799 | D:2      | Killed Robin
  1991 | D:2      | Found a shadowy altar of Dithmenos.
  3133 | D:3      | Found a runed translucent door.
  3133 | D:3      | Noticed Nabski's ghost (amateur TeFE)
  3146 | D:3      | Slain by a gnoll

Illustrated notes

Levels and vault maps discovered:
D:1:      psy_arrival_spokes, layout_loops_corners, minmay_shallow_snake_nest
D:2:      layout_basic, basic_altar, uniq_robin, uniq_jessica
D:3:      layout_basic, elyvilon_altar_4, gammafunk_ghost_grave

Skill      XL: |  1  2  3  4 |
---------------+-------------+-----
Stealth        | 2 |  2.0
Fire Magic     | 3 4 |  4.4
Spellcasting   | 3 |  3.0
Dodging        | |  1.7
Conjurations   | |  1.0

Action                     |  1- 3 |  4- 6 || total
---------------------------+-------+-------++-------
  Melee: Short sword       |       |     1 ||     1
   Cast: Foxfire           |    19 |     8 ||    27
         Scorch            |    16 |    35 ||    51
    Use: Scroll            |       |     1 ||     1
 Armour: Robe              |     2 |     5 ||     7
  Dodge: Dodged            |     6 |    35 ||    41

Table legend: (Time is in decaauts)
 A = Elapsed time spent in this place.
 B = Non-inter-level travel time spent in this place.
 C = Inter-level travel time spent in this place.
 D = Time resting spent in this place.
 E = Time spent auto-exploring this place.
 F = Levels seen in this place.
 G = Mean time per level.
                   A        B        C        D        E       F      G
               +--------+--------+--------+--------+--------+-----+--------+
         Total |   3149 |   3063 |     86 |    179 |   2495 |   3 | 1049.7 |
       Dungeon |   3149 |   3063 |     86 |    179 |   2495 |   3 | 1049.7 |
               +--------+--------+--------+--------+--------+-----+--------+

Top non-repeatable levels by time:
     D:2: 1560 daAuts
     D:1: 1504 daAuts
     D:3: 83 daAuts
